 Dungeon Crawl Stone Soup version 0.23.1 (webtiles) character file.

Game seed: 1591680849452979630

74 Chiseanne the Covert (level 4, -3/22 HPs)
             Began as a Spriggan Assassin on Mar 6, 2019.
             Was an Initiate of Gozag.
             Slain by an orc wizard
             ... wielding a +0 dagger
              (6 damage)
             ... on level 2 of the Dungeon.
             The game lasted 00:03:40 (1658 turns).

Chiseanne the Covert (Spriggan Assassin)            Turns: 1658, Time: 00:03:41

Health: -3/22      AC:  3    Str:  7    XL:     4   Next: 9%
Magic:  5/5        EV: 17    Int: 12    God:    Gozag
Gold:   171        SH:  0    Dex: 18    Spells: 3/3 levels left

rFire    . . .     SeeInvis +   w - +0 blowgun
rCold    . . .     Gourm    .   (shield restricted)
rNeg     . . .     Faith    .   c - +0 robe
rPois    .         Spirit   .   (helmet restricted)
rElec    .         Reflect  .   d - +0 cloak
rCorr    .         Harm     .   (gloves unavailable)
MR       .....                  (boots unavailable)
Stlth    ++++......             (no amulet)
HPRegen  0.07/turn              (no ring)
MPRegen  0.09/turn              (no ring)

@: gold aura, very quick
A: very small, unfitting armour, see invisible, herbivore, speed 3, slow
metabolism 2
a: Potion Petition, Call Merchant, Bribe Branch, Renounce Religion


You were on level 2 of the Dungeon.
You worshipped Gozag.
Gozag was aware of your devotion.
You were not hungry.

You visited 1 branch of the dungeon, and saw 2 of its levels.

You collected 203 gold pieces.
You paid 32 gold pieces to Gozag.

Inventory:

Hand Weapons
 a - a +2 dagger
 w - a +0 blowgun (weapon)
Missiles
 e - 7 poisoned needles (quivered)
 h - 23 bolts
 i - 61 stones
 k - 22 arrows
 l - 29 sling bullets
Armour
 c - a +0 robe (worn)
 d - a +0 cloak (worn)
Scrolls
 j - a scroll of identify
 p - a scroll of remove curse {unknown}
 q - a scroll of magic mapping {unknown}
Potions
 b - 2 potions of agility {unknown}
 m - a potion of heal wounds {unknown}
 n - 3 potions of curing
 o - a potion of might {unknown}
Comestibles
 g - 5 rations


   Skills:
 - Level 1.5 Fighting
 - Level 2.1 Short Blades
 - Level 2.0 Throwing
 - Level 1.5 Dodging
 * Level 8.6 Stealth


You had 3 spell levels left.
You didn't know any spells.
Your spell library was empty.

Dungeon Overview and Level Annotations

Branches:
Dungeon (2/15)

Altars:
Gozag
Uskayaw
Xom
Yredelemnul


Innate Abilities, Weirdness & Mutations

You are very small and have problems with some larger weapons.
You are too small for most types of armour.
You have supernaturally acute eyesight. (SInv)
You are a herbivore.
You cover ground extremely quickly.
You need to consume almost no food.


Message History

Fire/throw which item? (* to show all) (? for menu, Esc to quit)
Okay, then.
Firing (i - inventory. (/) - cycle)
f - 2 curare-tipped needles (quivered)
Press: ? - help, Shift-Dir - straight line, f/p - orc wizard
Aim: an orc wizard, wielding a +0 dagger and wearing a +0 robe (fast, poisoned)
You shoot a curare-tipped needle.
The curare-tipped needle barely misses the orc wizard.
The orc wizard closely misses you. The hobgoblin misses you.
Firing (i - inventory. (/) - cycle)
f - a curare-tipped needle (quivered)
Press: ? - help, Shift-Dir - straight line, f/p - orc wizard
Aim: an orc wizard, wielding a +0 dagger and wearing a +0 robe (lightly wounded, fast, poisoned)
You shoot a curare-tipped needle.
The curare-tipped needle hits the orc wizard.
The orc wizard looks even sicker.
The orc wizard convulses.
The orc wizard seems to slow down.
The orc wizard is heavily wounded.
The orc wizard hits you but does no damage.
The orc wizard hits you with a +0 dagger.
You die...
Your body crumbles into a pile of gold.

........####### #.....#
........###########.....#
##...............######.#
#############...# ###
#....<#.[.# ##
#.........# #.
########.########### ##
..........(........# #
..####@...#...##..# #
#goK.#...###.# #
######r...##..###.# #
#?.r.....###......#####
#...$#...# ##.....##...
#....#...# ###...##.##
#...##..## ####.##.# #.##
#..# ####....##.# ...
..####......)##.#


You could see an orc wizard, a hobgoblin, a kobold and a rat.

Vanquished Creatures
  Robin (D:2)
  3 adders (D:2)
  A dart slug (D:1)
  2 giant cockroaches (D:1)
  9 goblins
  8 hobgoblins
  2 kobolds
  A ball python (D:2)
  2 bats (D:1)
  3 rats (D:1)
32 creatures vanquished.

Notes
Turn   | Place    | Note
-------+----------+-------------------------------------------
     0 | D:1      | Chiseanne the Spriggan Assassin began the quest for the
                  | Orb.
     0 | D:1      | Reached XP level 1. HP: 10/10 MP: 2/2
   112 | D:1      | Reached skill level 6 in Stealth
   541 | D:1      | Reached XP level 2. HP: 9/14 MP: 3/3
   836 | D:1      | Reached skill level 7 in Stealth
  1011 | D:2      | Found a shimmering altar of Xom.
  1023 | D:2      | Found an opulent altar of Gozag.
  1027 | D:2      | Became a worshipper of Gozag Ym Sagoz the Greedy
  1033 | D:2      | Found a hide-covered altar of Uskayaw.
  1036 | D:2      | Reached XP level 3. HP: 18/18 MP: 4/4
  1037 | D:2      | Noticed Robin
  1058 | D:2      | Killed Robin
  1069 | D:2      | Reached skill level 8 in Stealth
  1159 | D:2      | Found a basalt altar of Yredelemnul.
  1649 | D:2      | Reached XP level 4. HP: 14/22 MP: 5/5
  1658 | D:2      | Slain by an orc wizard

Skill      XL: |  1  2  3 |
---------------+----------+-----
Stealth        | 6 7 8 |  8.6
Fighting       | |  1.5
Short Blades   | |  2.1
Throwing       | |  2.0
Dodging        | |  1.5

Action                   |  1- 3 |  4- 6 || total
-------------------------+-------+-------++-------
Melee: Dagger            |    99 |     2 ||   101
 Fire: Blowgun           |    16 |     3 ||    19
  Use: Scroll            |     1 |       ||     1
 Stab: Sleeping          |     5 |       ||     5
Armor: Robe              |     9 |     1 ||    10
Dodge: Dodged            |    71 |     5 ||    76
